 Dungeon Crawl Stone Soup version 0.20.1-1-g8b1a95d (webtiles) character file.

664 vineage the Slasher (level 7, -14/56 HPs)
             Began as a Demonspawn Fighter on Oct 7, 2017.
             Demolished by an ogre
             ... wielding a cursed +0 giant club
              (18 damage)
             ... on level 4 of the Dungeon.
             The game lasted 00:05:54 (3547 turns).

vineage the Slasher (Demonspawn Fighter)            Turns: 3547, Time: 00:05:56

Health: -14/56     AC: 11    Str: 16    XL:     7   Next: 31%
Magic:  7/7        EV:  4    Int: 11    God:
Gold:   253        SH:  9    Dex: 13    Spells: 6/6 levels left

rFire    + . .     SeeInvis .   a - +0 long sword
rCold    + . .     Gourm    .   c - +0 shield
rNeg     . . .     Faith    .   o - +0 chain mail
rPois    .         Spirit   .   (helmet restricted)
rElec    .         Reflect  .   (no cloak)
rCorr    .         Harm     .   (no gloves)
MR       .....                  w - +0 pair of boots
Stlth    ..........             (no amulet)
Regen    0.2/turn               k - ring of protection from cold
MPRegen  0.1/turn               u - ring of wizardry

@: hasted, very quick
A: antennae 1, hooves 1, rugged brown scales 1, clever 1, fire resistance 1,
powered by death 1, weak 1
a: no special abilities


You were on level 4 of the Dungeon.
You were not hungry.

You visited 1 branch of the dungeon, and saw 4 of its levels.

You collected 253 gold pieces.

Inventory:

Hand Weapons
 a - a +0 long sword (weapon)
Armour
 b - a +0 scale mail
 c - a +0 shield (worn)
 l - a +0 helmet
 o - a +0 chain mail (worn)
 w - a +0 pair of boots (worn)
Jewellery
 k - a ring of protection from cold (left hand)
 u - a ring of wizardry (right hand)
Scrolls
 e - a scroll of teleportation
 i - 3 scrolls of magic mapping
 j - a scroll of fear {unknown}
Comestibles
 f - a bread ration
 s - a meat ration


   Skills:
 + Level 4.4 Fighting
 + Level 4.7 Long Blades
 + Level 4.3 Armour
 + Level 0.3 Dodging
 + Level 0.8 Stealth
 + Level 4.2 Shields


You had 6 spell levels left.
You didn't know any spells.

Dungeon Overview and Level Annotations

Branches:
Dungeon (4/15)
 Temple: D:4-7

Altars:


Innate Abilities, Weirdness & Mutations

You have large cloven feet.
You are partially covered in rugged brown scales. (AC +1, +3% HP)
You regenerate a little health from kills.
You have a pair of small antennae on your head.
Your mind is acute. (Int +2)
Your flesh is heat resistant. (rF+)
You are weak. (Str -2)


Message History

The ogre is severely wounded.
You block the worm's attack. The ogre hits you with a giant club!
* * * LOW HITPOINT WARNING * * *
You feel better.
You feel better. You block the ogre's attack. The worm bites you!
* * * LOW HITPOINT WARNING * * *
It was a potion of mutation.
You feel extremely strange. A pair of antennae grows on your head!
Your +0 helmet falls away!
You feel weaker.
You feel resistant to heat.
You feel clever.
You hit the ogre.
The ogre is severely wounded.
You hit the ogre.
The ogre is almost dead.
The ogre hits you with a giant club!
* * * LOW HITPOINT WARNING * * *
You closely miss the ogre.
The ogre is almost dead.
The ogre hits you with a giant club!!
You die...

## #### ### ##...
##..########.## ####.....
##..<......##..###........
#...............@#{.......
#.............#..O........
#...........†..##.........
#..............#####......
...............# ##....
..............## #..
.............## .
...........###
..........##


You could see an ogre.

Vanquished Creatures
  Sigmund (D:4)
  The ghost of Agrougrou the Covered, an amateur DsFi (D:4)
  A centaur (D:3)
  A crimson imp (D:3)
  An orc priest (D:3)
  An orc wizard (D:3)
  Natasha (D:4)
  Terence (D:2)
  A gnoll (D:1)
  4 adders
  A worm (D:2)
  3 dart slugs
  2 leopard geckos
  7 orcs (D:3)
  10 bats
  13 giant cockroaches
  8 goblins
  4 hobgoblins
  2 jackals (D:2)
  6 kobolds
  3 quokkas
  2 ball pythons
  6 frilled lizards
  7 rats
87 creatures vanquished.

Notes
Turn   | Place    | Note
-------+----------+-------------------------------------------
     0 | D:1      | vineage the Demonspawn Fighter began the quest for the Orb.
     0 | D:1      | Reached XP level 1. HP: 18/18 MP: 1/1
   254 | D:1      | Gained mutation: You have large cloven feet. [demonic ancestry]
   254 | D:1      | Reached XP level 2. HP: 24/24 MP: 2/2
   636 | D:1      | Reached XP level 3. HP: 16/29 MP: 3/3
  1321 | D:2      | Noticed Terence
  1334 | D:2      | Killed Terence
  1334 | D:2      | Gained mutation: You regenerate a little health from kills. [demonic ancestry]
  1334 | D:2      | Reached XP level 4. HP: 14/36 MP: 4/4
  2267 | D:3      | Gained mutation: You are partially covered in rugged brown scales. (AC +1, +3% HP) [demonic ancestry]
  2267 | D:3      | Reached XP level 5. HP: 36/43 MP: 5/5
  2707 | D:3      | Noticed a centaur
  2730 | D:3      | Killed a centaur
  2730 | D:3      | Reached XP level 6. HP: 35/49 MP: 6/6
  3164 | D:4      | Noticed Agrougrou's ghost (amateur DsFi)
  3211 | D:4      | Killed Agrougrou's ghost
  3212 | D:4      | Noticed Natasha
  3226 | D:4      | Killed Natasha
  3428 | D:4      | Noticed Sigmund
  3456 | D:4      | Killed Sigmund
  3456 | D:4      | Reached XP level 7. HP: 28/56 MP: 7/7
  3544 | D:4      | Gained mutation: You have a pair of small antennae on your head. [potion of mutation]
  3544 | D:4      | Gained mutation: You are weak. (Str -2) [potion of mutation]
  3544 | D:4      | Gained mutation: Your flesh is heat resistant. (rF+) [potion of mutation]
  3544 | D:4      | Gained mutation: Your mind is acute. (Int +2) [potion of mutation]
  3547 | D:4      | Demolished by an ogre

Skill      XL: |  1  2  3  4  5  6 |
---------------+-------------------+-----
Armour         | 3 4 |  4.3
Shields        | 3 4 |  4.2
Long Blades    | 2 3 4 |  4.7
Fighting       | 4 |  4.4
Dodging        | |  0.3
Stealth        | |  0.8

Action                   |  1- 3 |  4- 6 |  7- 9 || total
-------------------------+-------+-------+-------++-------
Melee: Long sword        |   123 |   218 |    16 ||   357
       Kick              |    27 |    23 |       ||    50
  Use: Scroll            |       |    11 |       ||    11
       Potion            |       |     6 |     5 ||    11
  Eat: Chunk             |     2 |     6 |       ||     8
       Fruit             |       |     1 |       ||     1
Armor: Scale mail        |    65 |    17 |       ||    82
       Chain mail        |       |    93 |     6 ||    99
Dodge: Dodged            |    35 |    43 |     1 ||    79
Block: Shield            |    50 |    92 |     8 ||   150
       Rpst.: Long sword |    16 |    10 |       ||    26
